 Dungeon Crawl Stone Soup version 0.28-a0-1184-g53156a8862 (webtiles) character file.

Game seed: 7105512933311424100

270 fragbeetle the Poker (level 6, -2/47 HPs)
             Began as a Merfolk Gladiator on Dec 17, 2021.
             Killed by divine providence
             ... invoked by an orc priest
              (14 damage)
             ... on level 3 of the Dungeon.
             The game lasted 00:10:56 (3293 turns).

fragbeetle the Poker (Merfolk Gladiator)            Turns: 3293, Time: 00:10:56

Health: -2/47      AC:  6    Str: 14    XL:     6   Next: 22%
Magic:  15/15      EV: 12    Int:  9    God:
Gold:   160        SH:  0    Dex: 16    Spells: 1/5 levels left

rFire   . . .      SeeInvis .   a - +0 trident
rCold   . . .      Faith    .   (no shield)
rNeg    . . .      Spirit   .   l - +0 ring mail
rPois   .          Reflect  .   c - +0 helmet
rElec   .          Harm     .   (no cloak)
rCorr   .          Rampage  .   (no gloves)
Will    .....                   (no boots)
Stlth   +.........              (no amulet)
HPRegen 0.15/turn               q - ring of magical power
MPRegen 0.14/turn               (no ring)

@: no status effects
A: (nimble swimmer 2), mertail
a: no special abilities


You were on level 3 of the Dungeon.
You visited 1 branch of the dungeon, and saw 3 of its levels.
You also visited: Sewer.

You collected 160 gold pieces.

Inventory:

Hand Weapons
 a - a +0 trident (weapon)
 o - a +1 short sword of flaming
Missiles
 d - 3 throwing nets
 i - 77 stones (quivered)
Armour
 b - a +0 leather armour
 c - a +0 helmet (worn)
 l - a +0 ring mail (worn)
Jewellery
 q - a ring of magical power (left hand)
Scrolls
 f - a scroll of noise {unknown}
 g - 2 scrolls of identify {unknown}
 h - 2 scrolls of fog {unknown}
 j - a scroll of vulnerability {unknown}
 k - a scroll of holy word {unknown}
 n - 2 scrolls of enchant armour {unknown}
 u - a scroll of brand weapon {unknown}
 w - a scroll of teleportation {unknown}
 x - a scroll of summoning {unknown}
 y - a scroll of fear {unknown}
 z - a scroll of silence {unknown}
Potions
 e - a potion of lignification {unknown}
 p - a potion of attraction {unknown}
 r - 3 potions of mutation {unknown}
 s - a potion of might {unknown}
 t - a potion of magic {unknown}
 v - a potion of invisibility {unknown}


   Skills:
 + Level 3.5 Fighting
 + Level 7.0 Polearms
 - Level 2.0 Throwing
 + Level 1.5 Armour
 - Level 4.5 Dodging
 - Level 0.1 Stealth
 - Level 2.0 Summonings
 + Level 0.4 Transmutations


You had one spell level left.
You knew the following spells:

 Your Spells              Type           Power      Damage    Failure   Level
a - Summon Small Mammal   Summ           12%        N/A       36%         1
b - Beastly Appendage     Tmut           0%         N/A       56%         1
c - Wereblood             Tmut           0%         N/A       71%         2

Your spell library contained the following spells:

 Spells                   Type           Power      Damage    Failure   Level
 Call Canine Familiar     Summ           3%         N/A       73%         3
 Summon Guardian Golem    Hex/Summ       1%         N/A       86%         3
 Spider Form              Tmut/Pois      0%         N/A       93%         3


Dungeon Overview and Level Annotations

Branches:
Dungeon (3/15)              Sewer (visited)

Altars:


Innate Abilities, Weirdness & Mutations

((You are quick and stealthy near water. (Stealth+, EV+, Speed+++)))
Your lower body shifts to a powerful aquatic tail in water.


Message History

You hit the orc wizard.
The orc wizard is almost dead.
The orc priest begins to cast a cantrip, but forgets the words!
The orc wizard casts a spell at you. The puff of flame hits you!
You closely miss the orc wizard.
The orc wizard is almost dead.
The orc wizard gestures at you while chanting.
You are confused.
You bump into the rock wall.
The orc wizard hits you with a +0 dagger.
You miss the orc wizard.
The orc wizard is almost dead.
The orc priest calls upon Beogh to heal the orc wizard.
The orc wizard is healed somewhat.
The orc wizard hits you but does no damage.
You closely miss the orc wizard.
The orc wizard is heavily wounded.
The orc wizard gestures at you while chanting.
The magic dart hits you!
* * * LOW HITPOINT WARNING * * *
You bump into the rock wall.
The orc wizard points at you and mumbles some strange words.
You resist with some effort.
The orc wizard gestures wildly while chanting.
The orc wizard flickers and vanishes!
Deactivating autopickup; reactivate with Ctrl-A.
You feel less confused.
The orc priest looks encouraged for a moment.
The orc throws a boomerang.
The boomerang hits you but does no damage.
The orc priest invokes the aid of Beogh against you.
Beogh smites you!
* * * LOW HITPOINT WARNING * * *
Something hits you but does no damage.
You feel better. Something hits you.
* * * LOW HITPOINT WARNING * * *
The orc priest invokes the aid of Beogh against you.
Beogh smites you!
You die...

.... ##............#
#.#.##..##########.####
#.......## #......#
###......# #.#.##.# #.#...##
#.#.##.# #.##..# #.#.##.#
#.##.#.## #.#..#.# #.[†###.#
#.##.#.# ## ####@#.##
#.##.#.# .. ##...## #.##.#.#
.. ##o....## #......# .#.#.
##.......## ##.##.###
......##.o.......####...#.###
.......o.........'...........
....#.##.........####...#.##.
. .. ##.......## #..##.##. ##
##.....## #.# ..##.


You could see an orc priest and 2 orcs.

Vanquished Creatures
  Pargi (Sewer)
  Ijyb (D:3)
  5 adders
  A river rat (D:3)
  3 worms (D:2)
  A dart slug (D:1)
  2 orcs (D:3)
  6 endoplasms
  3 giant cockroaches
  A goblin (D:3)
  11 hobgoblins
  7 jackals (D:1)
  4 quokkas
  8 ball pythons
  9 bats
  5 frilled lizards
  7 kobolds
  8 rats
83 creatures vanquished.

Notes
Turn   | Place    | Note
-------+----------+-------------------------------------------
     0 | D:1      | fragbeetle the Merfolk Gladiator began the quest for the
                  | Orb.
     0 | D:1      | Reached XP level 1. HP: 16/16 MP: 1/1
   170 | D:1      | Reached skill level 5 in Polearms
   225 | D:1      | Reached XP level 2. HP: 22/22 MP: 2/2
   590 | D:1      | Reached XP level 3. HP: 27/27 MP: 3/3
   598 | D:1      | Found a faded altar of an unknown god.
   888 | D:2      | Reached skill level 6 in Polearms
  1122 | D:2      | Learned a level 1 spell: Summon Small Mammal
  1150 | D:2      | Reached XP level 4. HP: 23/34 MP: 4/4
  2206 | D:3      | Noticed Ijyb
  2206 | D:3      | Paralysed by Ijyb for 4 turns
  2222 | D:3      | Paralysed by Ijyb for 7 turns
  2259 | D:3      | Killed Ijyb
  2260 | D:3      | Reached skill level 1 in Summonings
  2260 | D:3      | Reached XP level 5. HP: 25/39 MP: 5/5
  2318 | D:3      | Found a glowing drain.
  2328 | D:3      | Reached skill level 1 in Armour
  2410 | Sewer    | Entered a sewer
  2494 | Sewer    | Noticed Pargi
  2530 | Sewer    | Killed Pargi
  2531 | Sewer    | Reached skill level 7 in Polearms
  2531 | Sewer    | Reached XP level 6. HP: 23/47 MP: 6/6
  2760 | Sewer    | Learned a level 1 spell: Beastly Appendage
  2766 | Sewer    | Learned a level 2 spell: Wereblood
  3289 | D:3      | HP: 2/47 [orc priest/divine providence (10)]
  3293 | D:3      | Killed from afar by an orc priest

Illustrated notes

Levels and vault maps discovered:
D:1:      wander_arrival_chamber, layout_basic,
          hellmonk_ecumenical_altar_dog_temple, kennysheep_small_spiral
D:2:      layout_basic, minmay_pentomino_x4
D:3:      layout_loops_corners, portal_sewer_entry_c, uniq_crazy_yiuf_cottage,
          uniq_ijyb

Skill      XL: |  1  2  3  4  5 |
---------------+----------------+-----
Polearms       | 5 6 7 |  7.0
Summonings     | 1 2 |  2.0
Armour         | 1 |  1.5
Fighting       | 3 |  3.5
Throwing       | |  2.0
Dodging        | |  4.5
Stealth        | |  0.1
Transmutations | |  0.4

Action                   |  1- 3 |  4- 6 || total
-------------------------+-------+-------++-------
Melee: Trident           |   101 |   207 ||   308
       Tailslap          |       |     6 ||     6
Throw: Stone             |       |     5 ||     5
 Cast: Beastly Appendage |       |     1 ||     1
  Use: Potion            |       |     2 ||     2
 Stab: Sleeping          |     2 |       ||     2
Armor: Leather armour    |    15 |       ||    15
       Ring mail         |     3 |    79 ||    82
Dodge: Dodged            |    54 |   127 ||   181

Table legend: (Time is in decaauts)
 A = Elapsed time spent in this place.
 B = Non-inter-level travel time spent in this place.
 C = Inter-level travel time spent in this place.
 D = Time resting spent in this place.
 E = Time spent auto-exploring this place.
 F = Levels seen in this place.
 G = Mean time per level.
                   A        B        C        D        E       F      G
               +--------+--------+--------+--------+--------+-----+--------+
         Total |   3220 |   3117 |    103 |    792 |    938 |   4 |  805.0 |
       Dungeon |   2880 |   2777 |    103 |    646 |    938 |   3 |  960.0 |
         Sewer |    339 |    339 |      0 |    146 |      0 |   1 |  339.0 |
               +--------+--------+--------+--------+--------+-----+--------+

Top non-repeatable levels by time:
     D:2: 1272 daAuts
     D:1: 882 daAuts
     D:3: 726 daAuts
   Sewer: 339 daAuts
